AoeStats
← sultanilhan

Arena

509864015Analyzed
3v3 RM · 3d ago on Sep 28, 2026· 54m 37s· 6 players
Game mode
Random Map
Map size
Normal (6 player)
Population
200
Speed
Normal
Resources
Standard
Victory
Conquest
Starting age
Dark Age
Ending age
Imperial Age
RankedLock teamsTeams togetherTeam positionsShared explorationLock speedFull tech treeHidden civsTurbo modeCheats
Victory
Defeat
🇩🇪 Persians · Germany
1089
+12
🇬🇧 Byzantines · United Kingdom
1061
+13
🇨🇳 Slavs · China
975
+18
🇹🇷 Chinese · Türkiye
1020
-15
🇳🇴 Malians · Norway
1011
-15
🇺🇸 Byzantines · United States
980
-13
leeroy kentins
10:02 Feudal Age
10:45 Double-Bit Axe
10:42 Horse Collar
17:23 Castle Age
16:32 Loom
19:09 Bow Saw
19:02 Heavy Plow
22:31 Wheelbarrow
22:53 Stone Mining
22:53 Gold Mining
28:41 Imperial Age
26:57 Gold Shaft Mining
26:57 Forging
27:29 Stone Shaft Mining
27:36 Fortified Wall
27:45 Husbandry
28:01 Scale Barding Armor
28:41 Iron Casting
29:40 Chain Barding Armor
29:11 Fletching
29:59 Ballistics
30:22 Conscription
32:14 Two-Man Saw
31:32 Hand Cart
31:51 Crop Rotation
31:07 Treadmill Crane
32:11 Plate Barding Armor
31:36 Heavy Camel Rider
34:12 Hoardings
33:08 Elite Cataphract
33:14 Elite Cataphract
35:10 Bodkin Arrow
36:16 Cavalier
38:24 Paladin
42:13 Capped Ram
43:26 Siege Ram
47:44 Logistica
51:48 Elite Skirmisher
52:34 Thumb Ring
54:43 Chemistry
53:29 Arrowslits
53:57 Redemption
53:47 Atonement
53:50 Caravan
54:20 Coinage
54:01 Guilds
53:53 Scale Mail Armor
53:53 Padded Archer Armor
53:54 Bracer
53:16 Man-at-Arms
53:17 Pikeman
53:18 Light Cavalry
53:22 Onager
53:32 Heavy Cavalry Archer
53:36 Crossbowman
Moritzbrandy
10:12 Feudal Age
14:02 Castle Age
12:04 Double-Bit Axe
12:30 Horse Collar
16:28 Wheelbarrow
19:07 Heavy Plow
21:47 Gold Mining
23:31 Hand Cart
23:48 Bow Saw
24:17 Loom
25:11 Gold Shaft Mining
24:29 Stone Mining
26:24 Pikeman
27:04 Squires
26:50 Arson
27:18 Forging
27:08 Scale Mail Armor
30:44 Imperial Age
28:00 Town Watch
29:43 Iron Casting
29:23 Chain Mail Armor
30:49 Halberdier
32:47 Blast Furnace
32:03 Chain Mail Armor
31:54 Scale Barding Armor
32:03 Bloodlines
33:40 Two-Man Saw
33:14 Crop Rotation
33:36 Conscription
33:28 Citadels
33:54 Hoardings
33:31 Thumb Ring
32:47 Crossbowman
34:52 Chemistry
34:20 Ballistics
33:47 Elite War Elephant
40:14 Kamandaran
48:54 Fletching
49:06 Padded Archer Armor
50:29 Bodkin Arrow
50:52 Leather Archer Armor
50:41 Murder Holes
50:56 Masonry
54:54 Chain Barding Armor
55:23 Ring Archer Armor
DDDAW
11:40 Feudal Age
12:45 Double-Bit Axe
16:40 Castle Age
14:36 Horse Collar
21:15 Wheelbarrow
25:05 Heavy Plow
27:16 Hand Cart
30:02 Imperial Age
28:10 Stone Mining
28:34 Forging
28:57 Bow Saw
29:07 Town Watch
30:01 Iron Casting
29:34 Scale Barding Armor
29:25 Gold Mining
29:58 Town Patrol
30:01 Loom
30:55 Chain Barding Armor
31:48 Two-Man Saw
31:20 Crop Rotation
31:18 Conscription
32:08 Blast Furnace
31:26 Detinets
32:38 Chemistry
32:32 Husbandry
32:43 Bloodlines
33:11 Gold Shaft Mining
33:20 Gold Shaft Mining
33:16 Ballistics
33:17 Elite Boyar
38:00 Siege Engineers
55:40 Plate Barding Armor
Paperclip
12:42 Feudal Age
13:50 Double-Bit Axe
13:46 Horse Collar
15:30 Loom
18:06 Castle Age
17:03 Stone Mining
17:03 Gold Mining
17:32 Fletching
19:22 Bow Saw
19:13 Heavy Plow
22:01 Wheelbarrow
22:14 Pikeman
22:16 Elite Skirmisher
23:09 Scale Mail Armor
23:21 Forging
23:17 Scale Barding Armor
23:14 Padded Archer Armor
25:17 Sanctity
25:08 Fervor
26:14 Hand Cart
27:45 Gold Shaft Mining
27:47 Stone Shaft Mining
28:53 Treadmill Crane
29:34 Ballistics
32:17 Imperial Age
30:31 Murder Holes
31:23 Squires
31:57 Thumb Ring
34:17 Block Printing
34:48 Crop Rotation
35:19 Two-Man Saw
34:57 Illumination
34:14 Halberdier
34:54 Elite Cataphract
36:20 Fortified Wall
36:01 Guard Tower
37:15 Chemistry
36:50 Chain Mail Armor
37:10 Iron Casting
39:56 Hoardings
49:42 Gambesons
49:43 Arson
sultanilhan
0:33 Loom
10:57 Feudal Age
13:01 Double-Bit Axe
18:07 Castle Age
15:57 Horse Collar
16:09 Stone Mining
16:13 Gold Mining
16:26 Fletching
18:26 Padded Archer Armor
18:58 Bow Saw
19:27 Stone Shaft Mining
19:20 Heavy Plow
21:15 Town Watch
24:45 Ballistics
25:57 Gold Shaft Mining
27:50 Thumb Ring
28:57 Leather Archer Armor
35:55 Imperial Age
34:17 Bodkin Arrow
34:39 Masonry
35:59 Elite Chu Ko Nu
37:02 Conscription
37:16 Ring Archer Armor
36:49 Bracer
39:23 Wheelbarrow
39:52 Chemistry
48:12 Pikeman
48:53 Squires
48:39 Arson
48:57 Scale Mail Armor
49:07 Forging
54:21 Halberdier
espen25hansen
7:39 Loom
10:33 Feudal Age
15:12 Castle Age
13:58 Double-Bit Axe
15:05 Horse Collar
22:55 Wheelbarrow
23:27 Heavy Plow
25:17 Bow Saw
28:49 Imperial Age
26:28 Gold Mining
26:50 Forging
26:41 Scale Mail Armor
26:52 Scale Mail Armor
26:46 Arson
27:02 Squires
26:35 Man-at-Arms
27:04 Town Watch
28:00 Hand Cart
29:17 Iron Casting
28:57 Chain Mail Armor
28:36 Long Swordsman
29:18 Two-Handed Swordsman
30:54 Crop Rotation
31:46 Gold Shaft Mining
30:49 Pikeman
31:15 Champion
33:08 Plate Mail Armor
37:21 Conscription
39:11 Fletching
Connection lost

Rejoining the realm…

Still unreachable

The connection could not be restored.

Session expired

The server has moved on; the page needs a fresh start.